 Dungeon Crawl Stone Soup version 0.21-a0-153-g78480df (webtiles) character file.

399 4thArraOfDagon the Sneak (level 6, -6/61 HPs)
             Began as an Octopode Enchanter on Aug 1, 2017.
             Was a Priest of Cheibriados.
             Killed from afar by Syneil's ghost (28 damage)
             ... with a stone arrow
             ... on level 5 of the Dungeon.
             The game lasted 00:09:43 (2632 turns).

4thArraOfDagon the Sneak (Octopode Enchanter)       Turns: 2632, Time: 00:09:43

Health: -6/61      AC: 23    Str: 19    XL:     6   Next: 84%
Magic:  9/9        EV:  2    Int: 26    God:    Cheibriados [***...]
Gold:   23         SH:  0    Dex: 20    Spells: 3/9 levels left

rFire    . . .     SeeInvis .   k - +2 short sword (venom)
rCold    + . .     Gourm    .   (no shield)
rNeg     + + +     Faith    +   (helmet currently unavailable)
rPois    +         Spirit   .   f - amulet of faith
rElec    .         Reflect  .   d - ring of protection from cold
rCorr    .         Harm     .   (no ring)
MR       .....     NoTele   +   (no ring)
Stlth    +++.......             (no ring)
HPRegen  0.20/turn              (no ring)
MPRegen  0.11/turn              (no ring)
                                (no ring)
                                (no ring)

@: mighty, tree-form, very slow
A: almost no armour, stealthy swim, (amphibious), 8 rings, (constrict 8)
a: Bend Time, Temporal Distortion, Renounce Religion


You were on level 5 of the Dungeon.
You worshipped Cheibriados.
Cheibriados was most pleased with you.
You were not hungry.
You were a tree.
You visited 2 branches of the dungeon, and saw 6 of its levels.

You collected 171 gold pieces.
You spent 148 gold pieces at shops.

Inventory:

Hand Weapons
 a - a +1 dagger
 k - a +2 short sword of venom (weapon)
 l - a +0 long sword
Jewellery
 d - a ring of protection from cold (left branch)
 f - an amulet of faith (around neck)
Scrolls
 e - a scroll of noise {unknown}
 o - 2 scrolls of teleportation
 q - a scroll of fear
 r - a scroll of random uselessness
 s - 3 scrolls of remove curse
Potions
 g - 2 potions of might
 h - a potion of agility
 j - a potion of degeneration
 m - 2 potions of lignification
 p - a potion of mutation {unknown}
Books
 b - a book of Maledictions

   Spells                             Type                      Level
   a - Corona                         Hexes                        1
   b - Ensorcelled Hibernation        Hexes/Ice                    2
   c - Confuse                        Hexes                        3
   d - Tukima's Dance                 Hexes                        3
   e - Dazzling Spray                 Conjuration/Hexes            3
Comestibles
 c - 7 bread rations
 i - 2 meat rations


   Skills:
 + Level 2.6 Fighting
 - Level 2.5(3.3) Short Blades
 * Level 3.2(3.7) Long Blades
 + Level 3.5 Dodging
 - Level 4.3 Stealth
 - Level 2.1 Spellcasting
 - Level 3.2 Hexes
 + Level 2.3 Invocations


You had 3 spell levels left.
You knew the following spells:

 Your Spells              Type           Power        Failure   Level  Hunger
a - Corona                Hex            ###....      2%          1    None
b - Ensorcelled Hibernat  Hex/Ice        ##....       9%          2    ##.....
c - Confuse               Hex            ###.....     9%          3    ###....


Dungeon Overview and Level Annotations

Branches:
Dungeon (5/15)             Temple (1/1) D:4

Altars:
Cheibriados
Elyvilon
Fedhas
Nemelex Xobeh
Okawaru
Qazlal
Trog
Uskayaw
Xom
Yredelemnul
Zin

Shops:
D:4 ?

Annotations:
D:3 4thArraOfDagon's ghost, weakling OpEn
D:5 Syneil's ghost, novice GrEE


Innate Abilities, Weirdness & Mutations

You cannot wear most types of armour.
You are very stealthy in the water. (Stealth+)
((You are amphibious.))
You can wear up to eight rings at the same time.
((You can use your tentacles to constrict eight enemies at once.))
((Your skin changes colour to match your surroundings (Stealth+).))
((Your rubbery body absorbs attacks. (AC +1, EV +1)))


Message History

Edmund is severely wounded.
Edmund hits you but does no damage.
You puncture Edmund!
Edmund looks as sick as possible!
Edmund is almost dead.
Edmund barely misses you.
You closely miss Edmund.
Edmund is almost dead.
Edmund hits you but does no damage.
You barely miss Edmund.
Edmund is almost dead.
You puncture Edmund!
You kill Edmund!
Cheibriados thoroughly appreciates the change of pace.
Your Long Blades skill increases to level 3!
Your Invocations skill increases to level 2!
Syneil's ghost points at you and mumbles some strange words.
Helpless, you fail to dodge the stone arrow.
Syneil's ghost casts a spell at you. The stone arrow hits you!
You die...

.......##............#
............##.......###
........................
.....................###
#..W..†..........(#
#.................#
#.......#...........
#.......#............
#....♣...............
#...)...#............
......#.#<......###(..
.........#.#####.# ..
#....#.###.# .# #......
####.##


You could see Syneil's ghost.

Vanquished Creatures
  Edmund (D:5)
  A hound (D:4)
  3 worker ants
  7 adders
  A gnoll (D:1)
  A shadow imp (D:5)
  An ooze (D:1)
  An adder skeleton (D:4)
  2 worms
  3 dart slugs (D:1)
  2 leopard geckos (D:4)
  8 orcs
  6 giant cockroaches
  10 goblins
  10 hobgoblins
  3 jackals (D:4)
  4 kobolds
  2 quokkas
  3 ball pythons
  A ball python skeleton (D:4)
  7 bats
  A frilled lizard (D:1)
  9 rats
87 creatures vanquished.

Notes
Turn   | Place    | Note
-------+----------+-------------------------------------------
     0 | D:1      | 4thArraOfDagon the Octopode Enchanter began the quest for the Orb.
     0 | D:1      | Reached XP level 1. HP: 11/11 MP: 3/3
    74 | D:1      | Reached XP level 2. HP: 17/17 MP: 5/5
    94 | D:1      | Learned a level 2 spell: Ensorcelled Hibernation
   208 | D:2      | Found a basalt altar of Yredelemnul.
   260 | D:2      | Reached XP level 3. HP: 16/21 MP: 1/6
   269 | D:2      | Learned a level 3 spell: Confuse
   651 | D:4      | Reached XP level 4. HP: 17/27 MP: 7/7
   800 | D:4      | Found a blossoming altar of Fedhas.
   973 | D:4      | Reached skill level 1 in Fighting
  1002 | D:4      | Found a staircase to the Ecumenical Temple.
  1009 | D:4      | Reached skill level 1 in Long Blades
  1016 | Temple   | Entered the Ecumenical Temple
  1054 | Temple   | Became a worshipper of Cheibriados the Contemplative
  1276 | D:2      | Reached * piety under Cheibriados
  1299 | D:2      | Found a white marble altar of Elyvilon.
  1299 | D:2      | Found a shimmering altar of Xom.
  1302 | D:2      | Reached XP level 5. HP: 33/33 MP: 8/8
  1306 | D:2      | Found a glowing silver altar of Zin.
  1310 | D:2      | Found a stormy altar of Qazlal.
  1312 | D:2      | Found a faded altar of an unknown god.
  1426 | D:1      | Reached skill level 1 in Invocations
  1834 | D:1      | Reached ** piety under Cheibriados
  2246 | D:3      | Noticed 4thArraOfDagon's ghost (weakling OpEn)
  2318 | D:4      | Found Owkeuhorod's Magic Scroll Shop.
  2332 | D:4      | Reached XP level 6. HP: 39/39 MP: 9/9
  2349 | D:4      | Bought a scroll of teleportation for 33 gold pieces
  2349 | D:4      | Bought a scroll of teleportation for 33 gold pieces
  2349 | D:4      | Bought a scroll of fear for 38 gold pieces
  2349 | D:4      | Bought a scroll of random uselessness for 11 gold pieces
  2349 | D:4      | Bought a scroll of remove curse for 33 gold pieces
  2483 | D:3      | Reached *** piety under Cheibriados
  2557 | D:5      | Entered Level 5 of the Dungeon
  2585 | D:5      | Noticed Syneil's ghost (novice GrEE)
  2616 | D:5      | Noticed Edmund
  2629 | D:5      | Killed Edmund
  2632 | D:5      | Killed from afar by Syneil's ghost

Vault maps used:
D:1:      minmay_arrival_stone_box
D:2:      yredelemnul_altar_generic, chequers_temple_overflow_minitemple,
          first_bread
D:3:      minmay_diamond_boxcup
D:4:      minmay_temple_entry_enclosed_plants, serial_shops, shop_fountains,
          grunt_decor_cap, fedhas_altar_1
D:5:      ashenzari_conservatory_becter, uniq_edmund
Temple:   grunt_temple_mini_profane

Skill      XL: |  1  2  3  4  5  6 |
---------------+-------------------+-----
Short Blades   | 2 |  2.5
Fighting       | 1 2 |  2.6
Long Blades    | 1 2 3 |  3.2
Dodging        | 3 |  3.5
Invocations    | 1 2 |  2.3
Stealth        | |  4.3
Spellcasting   | |  2.1
Hexes          | |  3.2

Action                   |  1- 3 |  4- 6 || total
-------------------------+-------+-------++-------
Melee: Dagger            |    41 |       ||    41
       Constrict         |    13 |    22 ||    35
       Tentacles         |     4 |    10 ||    14
       Short sword       |     7 |   113 ||   120
 Cast: Ensorcelled Hiber |     6 |     3 ||     9
  Use: Scroll            |     5 |     3 ||     8
       Potion            |       |     3 ||     3
 Stab: Sleeping          |    10 |    28 ||    38
  Eat: Chunk             |       |     4 ||     4
       Fruit             |       |     1 ||     1
Armor: Skin              |     3 |     9 ||    12
Dodge: Dodged            |    21 |    57 ||    78
